AoeStats
← Dustin

Arabia

505661607Analyzed
1v1 RM · 22d ago on Sep 10, 2026· 25m 44s· 2 players
Game mode
Random Map
Map size
Tiny (2 player)
Population
200
Speed
Normal
Resources
Standard
Victory
Conquest
Starting age
Dark Age
Ending age
Imperial Age
RankedLock teamsTeams togetherTeam positionsShared explorationLock speedFull tech treeHidden civsTurbo modeCheats
Victory
Defeat
🇩🇪 Spanish · Germany
1614
+17
🇩🇪 Cumans · Germany
1625
-17
Nepukad
8:32 Loom
12:54 Feudal Age
16:35 Castle Age
15:15 Double-Bit Axe
22:01 Town Watch
23:34 Padded Archer Armor
23:46 Fletching
25:24 Leather Archer Armor
Dustin
7:38 Loom
9:25 Feudal Age
7:40 Loom
9:55 Horse Collar
10:01 Double-Bit Axe
19:46 Wheelbarrow
23:43 Castle Age
21:51 Fletching
23:28 Padded Archer Armor
23:47 Elite Skirmisher
25:17 Bodkin Arrow
Connection lost

Rejoining the realm…

Still unreachable

The connection could not be restored.

Session expired

The server has moved on; the page needs a fresh start.